 Dungeon Crawl Stone Soup version 0.29-a0-887-gcbe080d7e0 (webtiles) character file.

Game seed: 2994195006715162474

6 flotson the Sneak (level 1, 0/18 HPs)
             Began as a Demonspawn Delver on July 22, 2022.
             Frozen to death by an endoplasm (3 damage)
             ... on level 4 of the Dungeon.
             The game lasted 00:02:05 (403 turns).

flotson the Sneak (Demonspawn Delver)                Turns: 403, Time: 00:02:06

Health: 0/18       AC:  3    Str: 12    XL:     1   Next: 75%
Magic:  1/1        EV: 11    Int: 11    God:
Gold:   9          SH:  0    Dex: 14    Spells: 0/0 levels left

rFire   . . .      SeeInvis .   a - +0 spear
rCold   . . .      Faith    .   (no shield)
rNeg    . . .      Spirit   .   b - +0 leather armour
rPois   .          Reflect  .   (no helmet)
rElec   .          Harm     .   (no cloak)
rCorr   .          Rampage  .   (no gloves)
Will    .....                   (no boots)
Stlth   ++........              (no amulet)
HPRegen 0.06/turn               (no ring)
MPRegen 0.07/turn               (no ring)

@: no status effects
A: no striking features
a: no special abilities


You were on level 4 of the Dungeon.
You visited 1 branch of the dungeon, and saw 2 of its levels.

You collected 9 gold pieces.

Inventory:

Hand Weapons
 a - a +0 spear (weapon)
Missiles
 h - 2 stones (quivered)
Armour
 b - a +0 leather armour (worn)
Wands
 f - a wand of charming (7)
 g - a wand of digging (3)
Scrolls
 c - a scroll of fog
 e - a scroll of identify {unknown}
 i - a scroll of blinking {unknown}
Potions
 d - 3 potions of curing {unknown}


   Skills:
 + Level 3.0 Fighting
 + Level 0.2(1.1) Axes
 - Level 1.7(1.8) Polearms
 + Level 0.0 Throwing
 + Level 0.2 Armour
 + Level 1.9 Dodging
 - Level 4.5 Stealth
 + Level 0.3 Evocations


You couldn't memorise any spells.
You didn't know any spells.
Your spell library was empty.

Dungeon Overview and Level Annotations

Branches:
Dungeon (5/15)
 Temple: D:4-7

Altars:
Makhleb
Xom


Message History

An endoplasm comes into view.
The endoplasm quivers.
A hobgoblin comes into view.
The endoplasm freezes you.
You are frozen.
The endoplasm attacks as you move away! The endoplasm hits you.
The endoplasm attacks as you move away! The endoplasm barely misses you.
The endoplasm attacks as you move away! The endoplasm hits you.
The endoplasm attacks as you move away!
The endoplasm hits you but does no damage.
The endoplasm attacks as you move away! The endoplasm closely misses you.
The endoplasm attacks as you move away! The endoplasm barely misses you.
An endoplasm comes into view.
The endoplasm attacks as you move away! The endoplasm hits you.
The endoplasm attacks as you move away! The endoplasm barely misses you.
The endoplasm attacks as you move away! The endoplasm hits you.
The endoplasm attacks as you move away! The endoplasm misses you.
The endoplasm attacks as you move away! The endoplasm barely misses you.
Found 12 gold pieces.
The endoplasm attacks as you move away! The endoplasm hits you.
The endoplasm attacks as you move away! The endoplasm barely misses you.
The endoplasm attacks as you move away! The endoplasm barely misses you.
The endoplasm attacks as you move away! The endoplasm closely misses you.
You open the door.
A crimson imp comes into view. It is wielding a +1 dagger of chaos.
The crimson imp shouts!
The endoplasm barely misses you.
The crimson imp moves out of view.
Found a burning altar of Makhleb.
The endoplasm attacks as you move away!
The endoplasm hits you but does no damage.
Found a shimmering altar of Xom.
The crimson imp hits you with a +1 dagger of chaos.
* * * LOW HITPOINT WARNING * * *
The crimson imp burns you.
* * * LOW HITPOINT WARNING * * *
There is an open door here.
You closely miss the crimson imp. The endoplasm freezes you.
You are frozen.
You die...

##......# # #.#
######.#.# #.#
#######.#.###.###
................
#######.#####$#####
#.......#_._#
#######.#...#
#.#5..# #.##@#
#..J.# #.#### #.#
###


You could see a crimson imp and an endoplasm.

Vanquished Creatures
  An orc (D:5)
  2 ball pythons (D:4)
  A kobold (D:4)
4 creatures vanquished.

Notes
Turn   | Place    | Note
-------+----------+-------------------------------------------
     0 | D:5      | flotson the Demonspawn Delver began the quest for the Orb.
     0 | D:5      | Reached XP level 1. HP: 18/18 MP: 1/1
    19 | D:5      | Noticed a black bear
    62 | D:5      | Noticed an orc priest
   256 | D:4      | Noticed a necrophage
   283 | D:4      | Noticed an ogre
   292 | D:4      | Noticed an iguana
   401 | D:4      | Found a burning altar of Makhleb.
   401 | D:4      | Noticed a crimson imp
   402 | D:4      | Found a shimmering altar of Xom.
   403 | D:4      | Frozen to death by an endoplasm

Illustrated notes

Levels and vault maps discovered:
D:4:      kennysheep_spiral_hall, layout_basic,
          grunt_temple_overflow_champion_of_chaos, kennysheep_little_box
D:5:      layout_basic, lemuel_round_altar, mainiacjoe_overflow_alcove_1

Action                   || total
-------------------------++-------
Melee: Spear             ||    13
  Use: Scroll            ||     2
       Potion            ||     1
 Stab: Sleeping          ||     1
Armor: Leather armour    ||     4
Dodge: Dodged            ||    16

Table legend: (Time is in decaauts)
 A = Elapsed time spent in this place.
 B = Non-inter-level travel time spent in this place.
 C = Inter-level travel time spent in this place.
 D = Time resting spent in this place.
 E = Time spent auto-exploring this place.
 F = Levels seen in this place.
 G = Mean time per level.
                   A        B        C        D        E       F      G
               +--------+--------+--------+--------+--------+-----+--------+
         Total |    384 |    384 |      0 |      0 |    103 |   2 |  192.0 |
       Dungeon |    384 |    384 |      0 |      0 |    103 |   2 |  192.0 |
               +--------+--------+--------+--------+--------+-----+--------+

Top non-repeatable levels by time:
     D:4: 254 daAuts
     D:5: 130 daAuts
